 Dungeon Crawl Stone Soup version 0.27-a0-1200-g94dc6ad4cf (webtiles) character file.

Game seed: 1431011416900241074

201 Froggeryz the Cudgeller (level 5, -3/70 HPs)
             Began as a Gnoll Chaos Knight on June 1, 2021.
             Was a Believer of Zin.
             Slain by a river rat (5 damage)
             ... in a sewer.
             The game lasted 00:06:38 (4162 turns).

Froggeryz the Cudgeller (Gnoll Chaos Knight)        Turns: 4162, Time: 00:06:39

Health: -3/70      AC:  4    Str: 13    XL:     5   Next: 79%
Magic:  6/6        EV: 12    Int: 12    God:    Zin [**....]
Gold:   84         SH:  0    Dex: 13    Spells: 7/7 levels left

rFire    + . .     SeeInvis .   p - +0 whip (flame)
rCold    + . .     Faith    .   (no shield)
rNeg     . . .     Spirit   .   b - +2 leather armour
rPois    ∞         Reflect  .   (no helmet)
rElec    +         Harm     .   (no cloak)
rCorr    +         Rampage  .   (no gloves)
Will     .....                  (no boots)
Stlth    ..........             (no amulet)
HPRegen  0.21/turn              (no ring)
MPRegen  0.10/turn              (no ring)

@: berserking, vitalised, resistant, weak-willed, on recite cooldown,
attractive, very quick
A: fangs 1, strong nose, distributed training, deformed body, low mp 1
a: Renounce Religion, Recite, Vitalisation, Donate Gold


You were in a sewer.
You worshipped Zin.
Zin was pleased with you.
You visited 1 branch of the dungeon, and saw 3 of its levels.
You also visited: Sewer.

You collected 93 gold pieces.
You donated 9 gold pieces to Zin.

Inventory:

Hand Weapons
 a - a +0 hunting sling
 p - a +0 whip of flaming (weapon)
Missiles
 l - 5 silver boomerangs (quivered)
 m - 56 stones
 n - 15 sling bullets
Armour
 b - a +2 leather armour (worn)
 h - a +2 kite shield
Jewellery
 r - an amulet of reflection
Scrolls
 e - a scroll of enchant armour
 i - a scroll of identify
 k - 2 scrolls of immolation
Potions
 c - 3 potions of brilliance


   Skills:
 + Level 6.7 Fighting
 + Level 1.6 Short Blades
 + Level 1.6 Long Blades
 + Level 1.6 Axes
 + Level 6.7 Maces & Flails
 + Level 1.6 Polearms
 + Level 1.6 Staves
 + Level 1.6 Slings
 + Level 1.6 Bows
 + Level 1.6 Crossbows
 + Level 1.6 Throwing
 + Level 4.8 Armour
 + Level 3.0 Dodging
 + Level 1.6 Stealth
 + Level 1.6 Shields
 + Level 1.6 Unarmed Combat
 + Level 1.6 Spellcasting
 + Level 1.3 Conjurations
 + Level 1.3 Hexes
 + Level 1.3 Summonings
 + Level 1.3 Necromancy
 + Level 1.3 Translocations
 + Level 1.3 Transmutations
 + Level 1.3 Fire Magic
 + Level 1.3 Ice Magic
 + Level 1.3 Air Magic
 + Level 1.3 Earth Magic
 + Level 1.3 Poison Magic
 + Level 1.8 Invocations
 + Level 1.6 Evocations


You had 7 spell levels left.
You didn't know any spells.
Your spell library contained the following spells:

 Spells                   Type           Power      Damage    Failure   Level
 Beastly Appendage        Tmut           8%         N/A       21%         1
 Shock                    Conj/Air       16%        1d4       21%         1
 Wereblood                Tmut           4%         N/A       30%         2
 Gell's Gravitas          Tloc           2%         N/A       52%         3
 Spider Form              Tmut/Pois      2%         N/A       52%         3
 Ice Form                 Ice/Tmut       4%         N/A       90%         4
 Hydra Form               Tmut           2%         N/A       99%         5
 Iskenderun's Battlesphe  Conj           4%         2d6       99%         5
 Lightning Bolt           Conj/Air       2%         1d13      99%         5
 Dispersal                Tloc           2%         N/A       100%        6


Dungeon Overview and Level Annotations

Branches:
Dungeon (3/15)              Sewer (1/1)

Altars:
Zin

Shops:
D:3 (


Innate Abilities, Weirdness & Mutations

You have very sharp teeth.
Your uncanny sense of smell can sniff out nearby items.
Your experience applies equally to all skills.
Armour fits poorly on your strangely shaped body.
Your magical capacity is low. (-10% MP)


Message History

The river rat bites you.
* * * LOW HITPOINT WARNING * * *
The rat barely misses you.
The river rat bites you but does no damage.
The rat barely misses you.
Okay, then.
You clear your throat and prepare to recite. "Zin hath not damned the guilty, but it is they..."
The river rat barely misses you. The rat bites you but does no damage.
The river rat twitches its whiskers.
The river rat closely misses you.
The rat misses you. "...that have damned themselves for their disloyalty, for..."
The kobold is dazed by your recitation.
The kobold shouts!
The river rat barely misses you. The rat barely misses you.
The river rat misses you.
The rat bites you but does no damage. "...did Zin not decree that to be disloyal was wrong?"
The kobold is dazed by your recitation.
You finish reciting Ablutions 23:54.
The river rat bites you!
* * * LOW HITPOINT WARNING * * *
The rat bites you but does no damage. The river rat closely misses you.
The rat closely misses you.
The kobold is no longer dazed.
The river rat's inner flame fades away.
The river rat bites you.
* * * LOW HITPOINT WARNING * * *
The rat closely misses you.
The river rat bites you but does no damage.
The rat bites you but does no damage.
Okay, then.
Okay, then.
A red film seems to cover your vision as you go berserk!
You feel yourself moving faster!
You feel mighty!
The kobold is no longer dazed.
The river rat barely misses you. The rat misses you. The river rat misses you.
The rat closely misses you.
You closely miss the river rat. You closely miss the river rat.
The river rat bites you.
* * * LOW HITPOINT WARNING * * *
The rat completely misses you. The river rat bites you.
You die...

#### ∆∆ #r@###### #### ∆
#rrr....## ###..##
KKKK......###.r.†.## ∆
...#..............†...
!!#..#.............##...
# ## #≈..##......####...
#≈≈≈≈≈##......##....
≈#≈#≈≈≈≈≈≈≈...........
#≈#≈≈≈≈≈≈≈≈≈≈≈≈≈......


You could see a kobold brigand, 2 river rats, 3 kobolds and 2 rats.

Vanquished Creatures
  A hound (D:2)
  4 adders
  7 river rats (Sewer)
  An orc (D:3)
  5 endoplasms
  A giant cockroach (D:2)
  2 goblins (D:1)
  3 hobgoblins
  14 jackals
  2 quokkas
  8 ball pythons
  2 bats
  4 frilled lizards
  8 kobolds
  14 rats
76 creatures vanquished.

Notes
Turn   | Place    | Note
-------+----------+-------------------------------------------
     0 | D:1      | Froggeryz the Gnoll Chaos Knight began the quest for the
                  | Orb.
     0 | D:1      | Reached XP level 1. HP: 23/23 MP: 1/1
   109 | D:1      | XOM: silly message
   214 | D:1      | Identified Emaann's Reference Book on the Destructive
                  | Traveller
   381 | D:1      | Reached XP level 2. HP: 29/29 MP: 2/2
   479 | D:1      | XOM: polymorph endoplasm -> rat
   775 | D:1      | Found a faded altar of an unknown god.
   793 | D:1      | Fell from the grace of Xom
   793 | D:1      | Became a worshipper of Zin the Law-Giver
   793 | D:1      | Reached * piety under Zin
  1472 | D:2      | Reached XP level 3. HP: 35/35 MP: 3/3
  1555 | D:2      | Reached skill level 1 in Short Blades
  1555 | D:2      | Reached skill level 1 in Long Blades
  1555 | D:2      | Reached skill level 1 in Axes
  1555 | D:2      | Reached skill level 1 in Polearms
  1555 | D:2      | Reached skill level 1 in Staves
  1555 | D:2      | Reached skill level 1 in Slings
  1555 | D:2      | Reached skill level 1 in Bows
  1555 | D:2      | Reached skill level 1 in Crossbows
  1555 | D:2      | Reached skill level 1 in Throwing
  1555 | D:2      | Reached skill level 1 in Stealth
  1555 | D:2      | Reached skill level 1 in Shields
  1555 | D:2      | Reached skill level 1 in Unarmed Combat
  1555 | D:2      | Reached skill level 1 in Spellcasting
  1555 | D:2      | Reached skill level 1 in Invocations
  1555 | D:2      | Reached skill level 1 in Evocations
  1555 | D:2      | Reached XP level 4. HP: 19/41 MP: 3/5
  2101 | D:2      | XOM: give mutation
  2101 | D:2      | Gained mutation: Armour fits poorly on your strangely
                  | shaped body. [Xom's mischief]
  2285 | D:3      | Found Xeowautz's Weapon Boutique.
  2402 | D:3      | Reached skill level 1 in Conjurations
  2402 | D:3      | Reached skill level 1 in Hexes
  2402 | D:3      | Reached skill level 1 in Summonings
  2402 | D:3      | Reached skill level 1 in Necromancy
  2402 | D:3      | Reached skill level 1 in Translocations
  2402 | D:3      | Reached skill level 1 in Transmutations
  2402 | D:3      | Reached skill level 1 in Fire Magic
  2402 | D:3      | Reached skill level 1 in Ice Magic
  2402 | D:3      | Reached skill level 1 in Air Magic
  2402 | D:3      | Reached skill level 1 in Earth Magic
  2402 | D:3      | Reached skill level 1 in Poison Magic
  2432 | D:3      | Reached ** piety under Zin
  2617 | D:3      | Found a glowing drain.
  2644 | Sewer    | Entered a sewer
  2924 | Sewer    | Reached XP level 5. HP: 16/47 MP: 6/6
  4082 | Sewer    | XOM: give mutations
  4082 | Sewer    | Gained mutation: Your magical capacity is low. (-10% MP)
                  | [Xom's mischief]
  4138 | Sewer    | Noticed a kobold brigand
  4159 | Sewer    | HP: 2/47 [river rat (2)]
  4162 | Sewer    | Slain by a river rat

Illustrated notes

Levels and vault maps discovered:
D:1:      co_arrival_random_square_maze, layout_rooms,
          hellmonk_ecumenical_altar_heavens_door
D:2:      layout_loops_ring, minmay_pentomino_t4
D:3:      layout_rooms, serial_shops, nicolae_shop_statue_plus,
          portal_sewer_entry_d
Sewer:    sewer_minmay_treatment

Skill      XL: |  1  2  3  4  5 |
---------------+----------------+-----
Short Blades   | 1 |  1.6
Long Blades    | 1 |  1.6
Axes           | 1 |  1.6
Polearms       | 1 |  1.6
Staves         | 1 |  1.6
Slings         | 1 |  1.6
Bows           | 1 |  1.6
Crossbows      | 1 |  1.6
Throwing       | 1 |  1.6
Stealth        | 1 |  1.6
Shields        | 1 |  1.6
Unarmed Combat | 1 |  1.6
Spellcasting   | 1 |  1.6
Invocations    | 1 |  1.8
Evocations     | 1 |  1.6
Conjurations   | 1 |  1.3
Hexes          | 1 |  1.3
Summonings     | 1 |  1.3
Necromancy     | 1 |  1.3
Translocations | 1 |  1.3
Transmutations | 1 |  1.3
Fire Magic     | 1 |  1.3
Ice Magic      | 1 |  1.3
Air Magic      | 1 |  1.3
Earth Magic    | 1 |  1.3
Poison Magic   | 1 |  1.3
Dodging        | 3 |  3.0
Fighting       | |  6.7
Maces & Flails | |  6.7
Armour         | |  4.8

Action                   |  1- 3 |  4- 6 || total
-------------------------+-------+-------++-------
Melee: Mace              |    54 |       ||    54
       Bite              |     5 |    20 ||    25
       Hunting sling     |    18 |       ||    18
       Whip              |       |   267 ||   267
       Punch             |       |     3 ||     3
 Fire: Hunting sling     |    34 |       ||    34
Throw: Boomerang         |    13 |       ||    13
Invok: Recite            |       |     2 ||     2
       Vitalisation      |       |     1 ||     1
  Use: Potion            |       |     7 ||     7
       Scroll            |       |     5 ||     5
 Stab: Sleeping          |       |     1 ||     1
Armor: Leather armour    |    72 |    87 ||   159
Dodge: Dodged            |    97 |   224 ||   321

Table legend: (Time is in decaauts)
 A = Elapsed time spent in this place.
 B = Non-inter-level travel time spent in this place.
 C = Inter-level travel time spent in this place.
 D = Time resting spent in this place.
 E = Time spent auto-exploring this place.
 F = Levels seen in this place.
 G = Mean time per level.
                   A        B        C        D        E       F      G
               +--------+--------+--------+--------+--------+-----+--------+
         Total |   4134 |   3973 |    161 |    933 |   2318 |   4 | 1033.5 |
       Dungeon |   2649 |   2488 |    161 |     21 |   2056 |   3 |  883.0 |
         Sewer |   1484 |   1484 |      0 |    912 |    262 |   1 | 1484.0 |
               +--------+--------+--------+--------+--------+-----+--------+

Top non-repeatable levels by time:
   Sewer: 1484 daAuts
     D:2: 1182 daAuts
     D:1: 1044 daAuts
     D:3: 423 daAuts
